 Dungeon Crawl Stone Soup version 0.31.0-32-g396128a36d (webtiles) character file.

Game seed: 4205538656365087644

203 H0rd4k the Insei (level 5, -2/34 HPs)
             Began as an Octopode Artificer on Apr 9, 2024.
             Slain by a black bear (7 damage)
             ... on level 5 of the Dungeon.
             The game lasted 00:02:18 (2127 turns).

H0rd4k the Insei (Octopode Artificer)               Turns: 2127, Time: 00:02:19

Health: -2/34      AC:  1    Str: 11    XL:     5   Next: 81%
Magic:  5/5        EV: 13    Int: 21    God:
Gold:   169        SH:  0    Dex: 13    Spells: 4/4 levels left

rFire   . .          .
                       - Unarmed
rCold   . . .        (no shield)
rNeg    . . .        (helmet restricted)
rPois   .            (no amulet)
rElec   .            l - ring of see invisible
rCorr   .            p - +6 ring of intelligence
SInv    +            (no ring)
Will    .....        (no ring)
Stlth   +++          (no ring)
HPRegen 0.25/turn    (no ring)
MPRegen 0.09/turn    (no ring)
                     (no ring)

%: no passive effects
@: no status effects
A: almost no armour, amphibious, 8 rings, camouflage 1, gelatinous body 1,
(nimble swimmer 1), tentacles
a: no special abilities


You were on level 5 of the Dungeon.
You visited 1 branch of the dungeon, and saw 5 of its levels.

You collected 169 gold pieces.

Inventory:

Hand Weapons
 r - a +2 dagger of venom
 t - a +5 club
Jewellery
 l - a ring of see invisible (left tentacle)
 p - a +6 ring of intelligence (right tentacle)
Talismans
 a - a serpent talisman
Wands
 b - a wand of flame (15) (quivered)
 c - a wand of charming (12)
 d - a wand of iceblast (1)
 s - a wand of roots (11)
Scrolls
 e - 2 scrolls of teleportation {unknown}
 f - 6 scrolls of identify {unknown}
 h - a scroll of blinking {unknown}
 i - 2 scrolls of brand weapon {unknown}
 m - a scroll of noise {unknown}
 q - a scroll of enchant armour {unknown}
Potions
 g - a potion of degeneration {unknown}
 j - a potion of enlightenment {unknown}
 k - a potion of curing {unknown}
 n - a potion of haste {unknown}
 o - a potion of invisibility {unknown}


   Skills:
 + Level 2.2 Fighting
 - Level 2.4 Dodging
 - Level 1.3 Stealth
 + Level 4.7 Unarmed Combat
 - Level 3.5 Evocations


You had 4 spell levels left.
You didn't know any spells.
Your spell library contained the following spells:

 Spells                   Type           Power      Damage    Failure   Level
 Shock                    Conj/Air       0%         1d3       19%         1
 Fugue of the Fallen      Necr           0%         N/A       47%         3
 Ozocubu's Armour         Ice            0%         N/A       47%         3
 Swiftness                Air            0%         N/A       47%         3
 Airstrike                Air            0%         2d(0-16)  87%         4
 Manifold Assault         Tloc           0%         N/A       87%         4


Dungeon Overview and Level Annotations

Branches:
Dungeon (5/15)
 Temple: D:4-7

Altars:
Ru


Innate Abilities, Weirdness & Mutations

You cannot wear most types of armour.
You are amphibious.
You can wear up to eight rings at the same time.
Your skin changes colour to match your surroundings (Stealth+).
Your rubbery body absorbs attacks. (AC +1, EV +1)
((You are camouflaged when in or above water. (Stealth+)))
You have tentacles for arms and can constrict up to eight enemies at once.


Message History

The black bear goes berserk!
The black bear barely misses you. The black bear claws you.
The black bear closely misses you. The black bear barely misses you.
The black bear claws you. The black bear claws you!
The black bear completely misses you. The black bear claws you. x2
You tentacle-slap the black bear. Your grab misses the black bear.
The black bear is almost dead.
The black bear barely misses you. The black bear claws you.
* * * LOW HITPOINT WARNING * * *
The black bear barely misses you. x2; The black bear claws you.
* * * LOW HITPOINT WARNING * * *
The black bear barely misses you.
Aiming: Charm
Press: ? - help, Shift-Dir - straight line, f/p - black bear
Aim: a black bear (almost dead, berserk, chance to affect: 58%)
The black bear is charmed.
Unknown command.
What are your orders? t - Shout!
Orders for allies: a - Attack new target. p - Attack previous target. r - Retreat! s - Stop attacking. g - Guard the area. f - Follow me.
Anything else - Cancel.
Guard this area!
Aiming: Throw Flame
Press: ? - help, Shift-Dir - straight line, f/p - black bear
Aim: a black bear (almost dead, charmed, berserk, friendly, 79% to hit)
Unknown command.
Aiming: Throw Flame
Press: ? - help, Shift-Dir - straight line, f - you, p - black bear
Okay, then.
Aiming: Throw Flame
Press: ? - help, Shift-Dir - straight line, f - black bear
Aim: a black bear (almost dead, charmed, berserk, friendly, 79% to hit)
The puff of flame hits your black bear.
Your black bear is almost dead.
The black bear is no longer charmed.
The black bear bites you.
* * * LOW HITPOINT WARNING * * *
The black bear claws you!
You die...

######..#### #>#
...........#######.#
#####..#..........#
#..#..#########
######..#..#
........#..#
#######.#.## #h#.#
#@#.# #.#. #.# #.#
#.# ..# ###


You could see a black bear (berserk).

Vanquished Creatures
  2 hounds
  Ijyb (D:5)
  2 gnolls (D:2)
  2 adders (D:2)
  2 ribbon worms
  A dart slug (D:4)
  6 endoplasms
  A giant cockroach (D:2)
  6 goblins
  6 hobgoblins
  5 kobolds
  A quokka (D:4)
  4 ball pythons
  8 bats
  2 frilled lizards (D:1)
  2 rats
51 creatures vanquished.

Vanquished Creatures (collateral kills)
  2 gnolls (D:2)
2 creatures vanquished.

Grand Total: 53 creatures vanquished

Notes
Turn   | Place    | Note
-------+----------+-------------------------------------------
     0 | D:1      | H0rd4k the Octopode Artificer began the quest for the Orb.
     0 | D:1      | Reached XP level 1. HP: 13/13 MP: 1/1
   166 | D:1      | Reached XP level 2. HP: 18/18 MP: 2/2
   172 | D:1      | Reached skill level 1 in Unarmed Combat
   701 | D:1      | Reached XP level 3. HP: 22/23 MP: 3/3
   917 | D:1      | Reached skill level 2 in Unarmed Combat
  1167 | D:2      | Reached XP level 4. HP: 23/28 MP: 4/4
  1255 | D:2      | Reached skill level 3 in Unarmed Combat
  1778 | D:4      | Reached skill level 4 in Unarmed Combat
  1778 | D:4      | Reached XP level 5. HP: 34/34 MP: 5/5
  1966 | D:4      | Found a sacrificial altar of Ru.
  2003 | D:5      | Entered Level 5 of the Dungeon
  2052 | D:5      | Noticed Ijyb
  2056 | D:5      | Killed Ijyb
  2112 | D:5      | Noticed a black bear
  2127 | D:5      | Slain by a black bear

Illustrated notes

Levels and vault maps discovered:
D:1:      lightli_arrival_lavapool, layout_basic
D:2:      kb_forest_paths, layout_basic, minmay_misc_feat_iff
D:3:      layout_basic, ebering_ecumenical_altar_abandoned
D:4:      layout_basic, nicolae_ru_sacrificial_ziggurat,
          nicolae_overflow_guarded_unrand_okawaru_victory
D:5:      layout_loops_ring, minmay_temple_entry_proselytizer, serial_glass,
          glass_columns_a, glass_columns_a, uniq_ijyb, uniq_grinder

Skill      XL: |  1  2  3  4 |
---------------+-------------+-----
Unarmed Combat | 1 2 4 |  4.7
Fighting       | 2 |  2.2
Dodging        | |  2.4
Stealth        | |  1.3
Evocations     | |  3.5

Action                     |  1- 3 |  4- 6 || total
---------------------------+-------+-------++-------
  Melee: Unarmed           |    61 |    61 ||   122
         Constrict         |    16 |    16 ||    32
         Tentacles         |    12 |     9 ||    21
         Punch             |     1 |     2 ||     3
  Evoke: Wand              |     5 |    12 ||    17
   Stab: Sleeping          |    10 |     5 ||    15
 Armour: Skin              |    32 |    38 ||    70
  Dodge: Dodged            |    42 |    43 ||    85
